 Dungeon Crawl Stone Soup version 0.20-a0-949-g916514f (webtiles) character file.

4977 Hybris the Fighter (level 10, -6/111 HPs)
             Began as an Ogre Berserker on Apr 4, 2017.
             Was an Elder of Trog.
             Mangled by a killer bee (8 damage)
             ... on level 9 of the Dungeon.
             The game lasted 00:20:47 (8979 turns).

Hybris the Fighter (Ogre Berserker)                 Turns: 8979, Time: 00:20:48

Health: -6/111     AC:  4    Str: 26    XL:     10   Next: 53%
Magic:  19/19      EV: 14    Int:  8    God:    Trog [****..]
Gold:   587        SH:  0    Dex:  8    Spells: 9/9 levels left

rFire    . . .     SeeInvis .   w - +1 giant spiked club
rCold    . . .     Gourm    .   (shield currently unavailable)
rNeg     . . .     Faith    .   o - +1 robe {MR+}
rPois    .         Spirit   .   (helmet restricted)
rElec    .         Reflect  .   q - scarf {repulsion}
rCorr    .         Harm     .   (gloves unavailable)
MR       ++++.                  (boots unavailable)
Stlth    +.........             u - amulet of regeneration
Regen    1.7/turn               y - ring of magical power
MPRegen  0.2/turn               r - +2 ring of evasion

@: lethally poisoned (-6 -> -6), exhausted, flying, regenerating, slowed,
invisible, repel missiles, very slow
A: unfitting armour, tough skin 1
a: Berserk, Trog's Hand, Brothers in Arms, Burn Spellbooks, Renounce Religion


You were on level 9 of the Dungeon.
You worshipped Trog.
Trog was greatly pleased with you.
You were not hungry.

You visited 1 branch of the dungeon, and saw 9 of its levels.

You collected 587 gold pieces.

Inventory:

Hand Weapons
 w - a +1 giant spiked club (weapon)
 F - a +2 flail of holy wrath
 G - the +9 rapier of Starshine {pierce, rElec}
   (You found it on level 8 of the Dungeon)

   It inflicts extra damage upon your enemies.
   It insulates you from electricity.
Armour
 o - a +1 robe of magic resistance (worn)
 q - a scarf of repulsion (worn)
 B - a +2 cloak
Jewellery
 r - a +2 ring of evasion (right hand)
 u - an amulet of regeneration (around neck)
 y - a ring of magical power (left hand)
 z - an uncursed ring of positive energy
Wands
 i - a wand of acid (2/15)
 p - a wand of iceblast (7/15)
 A - a wand of scattershot (4/9)
 C - a wand of digging (11/24)
 E - a wand of random effects (28/48)
 K - a wand of flame (15/48)
Scrolls
 f - 3 scrolls of teleportation
 g - 6 scrolls of remove curse
 h - a scroll of recharging
 k - 4 scrolls of identify
 v - a scroll of magic mapping
 I - a scroll of enchant armour
Potions
 d - a potion of flight
 e - a potion of ambrosia {unknown}
 j - a potion of lignification {unknown}
 m - a potion of magic {unknown}
 n - 2 potions of curing
 s - a potion of cancellation {unknown}
 x - a potion of brilliance {unknown}
 H - a potion of degeneration {unknown}
Comestibles
 c - 5 bread rations
 l - 6 royal jellies
 t - 3 chunks of flesh
 J - 2 fruits


   Skills:
 + Level 10.7 Fighting
 * Level 10.2 Maces & Flails
 + Level 7.6 Dodging


You had 9 spell levels left.
You didn't know any spells.

Dungeon Overview and Level Annotations

Branches:
Dungeon (9/15)             Temple (0/1) D:7
   Lair: D:8-11         Orc: D:9-12

Altars:
Ashenzari
Cheibriados
Fedhas
Gozag
Kikubaaqudgha
Nemelex Xobeh
Ru
Sif Muna
Trog
Uskayaw
Vehumet
Yredelemnul

Shops:
D:7 [


Innate Abilities, Weirdness & Mutations

You are too large for most types of armour.
You have tough skin. (AC +1)


Message History

You are more poisoned.
The killer bee poisons you! The killer bee stings you.
* * * LOW HITPOINT WARNING * * *
The killer bee misses you. The killer bee completely misses you.
The killer bee closely misses you.
Okay, then.
Evoke which item? (* to show all) (? for menu, Esc to quit)
Aiming: Iceblast (will waste charges)
Press: ? - help, Shift-Dir - straight line, f - hippogriff
Aim: a hippogriff
Okay, then.
It was a potion of invisibility.
You fade into invisibility!
You feel sick. The killer bee stings you!
* * * LOW HITPOINT WARNING * * *
The killer bee completely misses you. The killer bee stings you.
* * * LOW HITPOINT WARNING * * *
You are more poisoned.
The killer bee poisons you! The killer bee stings you!
You die...

#... #.. #.. #..
#.# #.##########
..# #H†.........
... #yy.).......
... #@.#########
#.. #..# #..
#..####### #..
#......... ...
#.######## ## #.#
#.################
#.................
#.................


You could see a hippogriff and 2 killer bees.

Vanquished Creatures
  A two-headed ogre (D:9)
  Pikel (D:6)
  Maurice (D:8)
  A hippogriff (D:9)
  4 yaks (D:7)
  Sigmund (D:2)
  The ghost of Hybris the Vandal, an amateur HaHu (D:3)
  2 orc warriors
  A sky beast (D:6)
  An ice beast (D:7)
  A black bear (D:7)
  2 centaurs
  2 ogres
  A big kobold (D:5)
  5 bullfrogs
  A howler monkey (D:5)
  2 crimson imps
  5 hounds
  Crazy Yiuf (D:2)
  5 orc priests
  3 jellies
  6 orc wizards
  Jessica (D:3)
  2 iguanas
  8 worker ants
  A howler monkey zombie (D:6)
  A worker ant zombie (D:7)
  9 gnolls
  A howler monkey skeleton (D:4)
  14 adders
  2 shadow imps (D:7)
  An adder skeleton (D:7)
  2 worms
  A dart slug (D:3)
  4 leopard geckos
  23 orcs
  7 bats
  5 giant cockroaches
  2 gnoll zombies (D:4)
  7 goblins
  12 hobgoblins
  13 jackals
  31 kobolds
  2 quokkas (D:3)
  2 ball pythons
  2 frilled lizards
  2 jackal zombies
  2 quokka skeletons
  A quokka zombie (D:5)
  11 rats
  A plant (D:5)
218 creatures vanquished.

Vanquished Creatures (others)
  3 plants (D:5)
3 creatures vanquished.

Grand Total: 221 creatures vanquished

Notes
Turn   | Place    | Note
-------+----------+-------------------------------------------
     0 | D:1      | Hybris the Ogre Berserker began the quest for the Orb.
     0 | D:1      | Reached XP level 1. HP: 24/24 MP: 1/1
    90 | D:1      | Reached XP level 2. HP: 29/33 MP: 2/2
   585 | D:1      | Reached XP level 3. HP: 34/40 MP: 3/3
   647 | D:2      | Reached ** piety under Trog
   731 | D:2      | Found a runed door.
   803 | D:2      | Found a radiant altar of Vehumet.
   846 | D:2      | Noticed Sigmund
   856 | D:2      | Killed Sigmund
   856 | D:2      | Reached skill level 5 in Fighting
   856 | D:2      | Reached XP level 4. HP: 50/50 MP: 4/4
   856 | D:2      | Reached XP level 5. HP: 57/57 MP: 5/5
   895 | D:2      | Found a sacrificial altar of Ru.
  1446 | D:2      | Reached XP level 6. HP: 45/66 MP: 6/6
  1878 | D:2      | Found an ancient bone altar of Kikubaaqudgha.
  1881 | D:2      | Found a blossoming altar of Fedhas.
  1900 | D:2      | Found a sparkling altar of Nemelex Xobeh.
  1909 | D:2      | Found a deep blue altar of Sif Muna.
  2022 | D:2      | Found a shattered altar of Ashenzari.
  2157 | D:2      | Noticed Crazy Yiuf
  2161 | D:2      | Killed Crazy Yiuf
  2306 | D:3      | Found an opulent altar of Gozag.
  2367 | D:3      | Noticed Hybris's ghost (amateur HaHu)
  2378 | D:3      | Killed Hybris's ghost
  2378 | D:3      | Reached skill level 5 in Maces & Flails
  2378 | D:3      | Reached XP level 7. HP: 75/75 MP: 7/7
  2554 | D:3      | Found a snail-covered altar of Cheibriados.
  2671 | D:3      | Noticed Jessica
  2684 | D:3      | Killed Jessica
  3753 | D:4      | Reached *** piety under Trog
  4209 | D:4      | Found a basalt altar of Yredelemnul.
  4318 | D:4      | Reached XP level 8. HP: 82/87 MP: 8/8
  4409 | D:5      | Entered Level 5 of the Dungeon
  4490 | D:5      | Reached skill level 5 in Dodging
  4668 | D:5      | Found a hide-covered altar of Uskayaw.
  6138 | D:6      | Reached **** piety under Trog
  6316 | D:6      | Found a bloodstained altar of Trog.
  6505 | D:6      | Noticed Pikel
  6515 | D:6      | Killed Pikel
  6515 | D:6      | Reached XP level 9. HP: 77/97 MP: 9/9
  6874 | D:7      | Found Nockus's Armour Emporium.
  7388 | D:7      | Found a staircase to the Ecumenical Temple.
  7462 | D:7      | Reached XP level 10. HP: 110/110 MP: 10/10
  7827 | D:8      | Reached skill level 10 in Fighting
  7853 | D:8      | Got a smoking rapier
  7854 | D:8      | Identified the +9 rapier of Starshine {pierce, rElec} (You found it on level 8 of the Dungeon)
  7984 | D:8      | Noticed Maurice
  8018 | D:8      | Killed Maurice
  8959 | D:9      | Noticed a two-headed ogre
  8965 | D:9      | Killed a two-headed ogre
  8965 | D:9      | Reached skill level 10 in Maces & Flails
  8979 | D:9      | HP: 2/111 [killer bee (6)]
  8979 | D:9      | Mangled by a killer bee

Vault maps used:
D:1:      minmay_arrival_loop
D:2:      grunt_temple_overflow_growth_and_decay, nicolae_ashenzari_panopticon,
          lemuel_round_altar, lemuel_crystal_altar, grunt_temple_overflow_open,
          minmay_pentomino_w2, uniq_sigmund, uniq_crazy_yiuf_cottage
D:3:      grunt_gozag_breadcrumbs, old_standard_altar, minivault_26,
          uniq_jessica
D:4:      lemuel_zombie_altar_yredelemnul, first_bread
D:5:      kennysheep_kobold_camp, lemuel_round_altar, lemuel_another_geyser
D:6:      bloody_trog, uniq_pikel
D:7:      minmay_temple_entry_nine_rooms, serial_shops, shop, sigmund_army
D:8:      uniq_maurice
D:9:      kennysheep_mini, dpeg_oklobed_lair, serial_shops, shop,
          hangedman_ranch

Skill      XL: |  1  2  3  4  5  6  7  8  9 10 |
---------------+-------------------------------+-----
Maces & Flails | 3 4 5 6 8 9 10 | 10.2
Dodging        | 3 4 6 7 |  7.6
Fighting       | 5 6 7 8 9 10 | 10.7

Action                   |  1- 3 |  4- 6 |  7- 9 | 10-12 || total
-------------------------+-------+-------+-------+-------++-------
Melee: Mace              |    84 |   145 |   100 |       ||   329
       Giant spiked club |       |       |   339 |    89 ||   428
Invok: Berserk           |     1 |     5 |     9 |     4 ||    19
       Trog's Hand       |     1 |     2 |     3 |     4 ||    10
       Burn Spellbooks   |       |       |       |     1 ||     1
  Use: Scroll            |       |     6 |     3 |     4 ||    13
       Potion            |       |       |     3 |     4 ||     7
  Eat: Chunk             |       |    11 |    25 |     8 ||    44
       Fruit             |       |       |     1 |     1 ||     2
       Royal jelly       |       |       |       |     1 ||     1
Armor: Animal skin       |    29 |    59 |   165 |    18 ||   271
       Robe              |       |       |       |     4 ||     4
Dodge: Dodged            |    37 |   105 |   345 |    88 ||   575
